Match 45122294
Unlisted

Match 45122294
End
Panzerpioneer Squad
250 Light Carrier
250 Light Carrier
Construct Light Support Kompanie
Panzerjäger Squad
Combat Half-tracks
Selects Battlefield Espionage Battlegroup
Selects Intel Disruption Beacon
Fire Support Elements
le.IG 18 Mechanized Group
2.5-tonne Medical Truck
Pak 38 Anti-tank Gun Team
MG34 Team
Panzerpioneer Squad
Construct Panzerarmee Kommand
Selects Transfer Depots
Selects Disruption Operation
Armored Reserves
Tiger Heavy Tank
Walking Stuka Rocket Launcher
SMOKO
Batata
小学猫
冲锋大哥
我真的不是驴
JT
昌江县县委书记
Starbuckshunter
0
0

Comments sign in to comment!

No comments posted yet!